 Dungeon Crawl Stone Soup version 0.19.4-12-gccf7e64 (console) character file.

12744 Grinner the Grappler (level 11, -3/84 HPs)
             Began as a Troll Fighter on Feb 28, 2017.
             Was a High Priest of Ashenzari.
             Slain by a blink frog (11 damage)
             ... on level 6 of the Lair of Beasts.
             The game lasted 00:31:47 (9963 turns).

Grinner the Grappler (Troll Fighter)                Turns: 9963, Time: 00:31:48

Health: -3/84      AC:  8    Str: 26    XL:     11   Next: 66%
Magic:  19/19      EV: 19    Int:  9    God:    Ashenzari [*****.]
Gold:   460        SH: 15    Dex: 15    Spells: 4 memorised, 4 levels left

rFire  . . .     SeeInvis +       - Unarmed
rCold  . . .     Gourm    +     e - +2 robe {rN+} (curse)
rNeg   + . .     Faith    .     b - +3 shield (curse)
rPois  .         Spirit   .     C - +1 hat (curse)
rElec  .         Reflect  .     (no cloak)
rCorr  .         Harm     .     (gloves unavailable)
MR     .....     Clarity  +     (boots unavailable)
Stlth  +++.......               (no amulet)
                                t - +3 ring of intelligence (curse)
                                l - ring of magical power (curse)

@: agile, exhausted
A: unfitting armour, claws 3, fast metabolism 3, frail 1, gourmand, regeneration
1, shaggy fur 1, tough skin 2
a: Curse Item, Scrying, Transfer Knowledge, Renounce Religion


You were on level 6 of the Lair of Beasts.
You worshipped Ashenzari.
Ashenzari was extremely pleased with you.
You were very full.

You visited 3 branches of the dungeon, and saw 17 of its levels.

You collected 627 gold pieces.
You spent 167 gold pieces at shops.

Inventory:

Armour
 b - a cursed +3 shield (worn)
 e - a cursed +2 robe of positive energy (worn)
 C - a cursed +1 hat (worn)
Jewellery
 l - a cursed ring of magical power (left claw)
 t - a cursed +3 ring of intelligence (right claw)
 x - an uncursed ring of positive energy
Wands
 q - a wand of flame (34/48)
 s - a wand of iceblast (4/15)
 y - a wand of slowing (15/48)
 I - a wand of digging (8/24)
Scrolls
 c - 2 scrolls of immolation
 g - 3 scrolls of teleportation
 o - 3 scrolls of identify
 u - a scroll of remove curse
 E - 2 scrolls of amnesia
Potions
 h - a potion of cancellation
 j - a potion of agility
 k - 2 potions of flight
 m - a potion of curing
 p - 3 potions of ambrosia
 D - a potion of haste
 G - a potion of magic
Books
 a - a book of Misfortune

   Spells                             Type                      Level
   a - Confusing Touch                Hexes                        1
   b - Confuse                        Hexes                        3
   c - Gell's Gravitas                Hexes/Translocation          3
   d - Petrify                        Transmutation/Earth          4
   e - Metabolic Englaciation         Hexes/Ice                    5
   f - Yara's Violent Unravelling     Hexes/Transmutation          5
 w - a book of Air

   Spells                             Type                      Level
   a - Shock                          Conjuration/Air              1
   b - Swiftness                      Charms/Air                   2
   c - Repel Missiles                 Charms/Air                   2
   d - Static Discharge               Conjuration/Air              3
   e - Lightning Bolt                 Conjuration/Air              5
 A - a book of Changes

   Spells                             Type                      Level
   a - Beastly Appendage              Transmutation                1
   b - Sticks to Snakes               Transmutation                2
   c - Spider Form                    Transmutation/Poison         3
   d - Ice Form                       Ice/Transmutation            4
   e - Blade Hands                    Transmutation                5
 F - a book of Misfortune

   Spells                             Type                      Level
   a - Confusing Touch                Hexes                        1
   b - Confuse                        Hexes                        3
   c - Gell's Gravitas                Hexes/Translocation          3
   d - Petrify                        Transmutation/Earth          4
   e - Metabolic Englaciation         Hexes/Ice                    5
   f - Yara's Violent Unravelling     Hexes/Transmutation          5
Miscellaneous
 z - a phial of floods (inert)
Comestibles
 d - 7 bread rations
 f - 8 meat rations
 i - a beef jerky
 n - 8 slices of pizza
 r - 11 royal jellies


   Skills:
 - Level 2.4 Fighting
 - Level 3.0 Armour
 + Level 4.4(6.9) Dodging
 - Level 8.0(10.6) Shields
 + Level 9.6 Unarmed Combat
 - Level 3.8(6.2) Hexes
 + Level 4.7(7.3) Charms
 + Level 3.4(5.8) Transmutations
 + Level 4.8(7.4) Air Magic


You had 4 spell levels left.
You knew the following spells:

 Your Spells              Type           Power        Failure   Level  Hunger
m - Repel Missiles        Chrm/Air       ##....       3%          2    ###....
s - Swiftness             Chrm/Air       ##......     3%          2    ###....
x - Confusing Touch       Hex            ##....       3%          1    ##.....
z - Beastly Appendage     Tmut           ##....       4%          1    ##.....


Dungeon Overview and Level Annotations

Branches:
Dungeon (10/15)            Temple (1/1) D:7            Lair (6/6) D:10
  Slime (0/5) Lair:6          Orc (0/2) D:10
  Swamp: Lair:2-4    Shoals: Lair:2-4     Snake: Lair:2-4    Spider: Lair:2-4

Altars:
Ashenzari
Cheibriados
Dithmenos
Elyvilon
Fedhas
Hepliaklqana
Kikubaaqudgha
Makhleb
Nemelex Xobeh
Okawaru
Qazlal
Ru
Sif Muna
Trog
Uskayaw
Vehumet
Xom
Yredelemnul
Zin
The Shining One
Lugonu

Shops:
D:7 [


Innate Abilities, Weirdness & Mutations

You are too large for most types of armour.
You have claws for hands.
Your metabolism is lightning-fast.
You like to eat raw meat.
Your natural rate of healing is unusually fast.
You are covered in fur. (AC +1)
You have very tough skin. (AC +2)
You are frail. (-10% HP)


Message History

The blink frog is heavily wounded.
The blink frog hits you.
* * * LOW HITPOINT WARNING * * *
The blink frog misses you.
You closely miss the blink frog.
The blink frog is heavily wounded.
The blink frog barely misses you. The blink frog closely misses you.
You scratch the blink frog.
The blink frog is severely wounded.
You block the blink frog's attack. x2
You mangle the blink frog!!
You kill the blink frog!
The blink frog hits you but does no damage.
You scratch the blink frog.
The blink frog is moderately wounded.
You block the blink frog's attack. The blink frog barely misses you.
You claw the blink frog!
The blink frog is severely wounded.
The blink frog hits you!
You die...

**,*,,,,* **,*,,,,,** ##*
*,*,,.,,*,* ##.#### **,,..,*,**
.##.#.## *,,...,*** .P....%#
####### **....,,,*
......#####..##.###.....,,,**
.......##....P#..F.#....,,,,*****
.<.............P@P......,,,,**,,*
#.#............%P###....,,,,,,,,,
................## *,,,.,,,,,,,,*
P...........P†..# *,,,,,,,*,,,,,
........#...†P.##****,,,,,,,,,,,,
#.............#...#*,,,,,,,*,,,,,
###P#..............,,,,,,,,,,,,,,
####...#...........,,,,,,,,,,,,
*.....#.#.........,,,,,,,,,,**


You could see a blink frog.

Vanquished Creatures
  A death yak (D:10)
  An unseen horror (D:10)
  An elephant (D:10)
  3 spiny frogs
  A komodo dragon (Lair:6)
  A queen bee (Lair:2)
  A two-headed ogre (D:9)
  4 blink frogs (Lair:6)
  2 hippogriffs
  A human (D:8)
  5 yaks
  3 basilisks
  A steam dragon (D:5)
  A porcupine (Lair:2)
  A hornet zombie (D:7)
  4 water moccasins
  2 sky beasts
  A black bear (D:7)
  2 orc warriors
  An eye of draining (D:10)
  3 ice beasts
  A phantom (D:10)
  3 ogres
  A necrophage (D:9)
  3 wolves (Lair:2)
  7 centaurs
  6 crocodiles
  6 big kobolds
  7 bullfrogs
  4 scorpions
  27 killer bees
  8 wights (D:5)
  2 centaur zombies
  6 crimson imps
  2 jellies (D:6)
  A bullfrog skeleton (D:10)
  4 orc priests
  4 hounds
  8 orc wizards
  3 iguanas
  Terence (D:3)
  9 worker ants
  A killer bee zombie (D:7)
  A hound zombie (D:8)
  A worker ant zombie (D:5)
  6 gnolls
  A howler monkey skeleton (D:5)
  11 adders
  A shadow imp (D:6)
  2 oozes
  2 adder skeletons (D:5)
  An adder zombie (D:8)
  3 worms
  5 dart slugs
  4 leopard geckos
  39 orcs
  5 giant cockroaches
  8 goblins
  6 hobgoblins
  7 jackals (D:8)
  40 kobolds
  5 quokkas
  A ball python (D:3)
  3 bats (D:1)
  4 frilled lizards
  2 gnoll zombies (D:2)
  A jackal skeleton (D:4)
  A leopard gecko skeleton (D:6)
  A quokka skeleton (D:4)
  2 rats
317 creatures vanquished.

Vanquished Creatures (others)
  A human (D:6)
  4 fungi
  4 plants
9 creatures vanquished.

Grand Total: 326 creatures vanquished

Notes
Turn   | Place    | Note
-------+----------+-------------------------------------------
     0 | D:1      | Grinner the Troll Fighter began the quest for the Orb.
     0 | D:1      | Reached XP level 1. HP: 22/22 MP: 0/0
    35 | D:1      | Reached XP level 2. HP: 12/29 MP: 1/1
   150 | D:1      | Found a shattered altar of Ashenzari.
   170 | D:1      | Became a worshipper of Ashenzari the Shackled
   371 | D:1      | Reached XP level 3. HP: 34/36 MP: 2/2
   635 | D:2      | Found an iron altar of Okawaru.
   690 | D:2      | Found a basalt altar of Yredelemnul.
  1266 | D:3      | Reached XP level 4. HP: 44/44 MP: 3/3
  1279 | D:3      | Reached * piety under Ashenzari
  1280 | D:3      | Found a shimmering altar of Xom.
  1310 | D:3      | Noticed Terence
  1334 | D:3      | Killed Terence
  1334 | D:3      | Reached skill level 3 in Unarmed Combat
  1701 | D:3      | Found a faded altar of an unknown god.
  1925 | D:4      | Found a shattered altar of Ashenzari.
  1925 | D:4      | Found a glowing golden altar of the Shining One.
  1958 | D:4      | Noticed an ogre
  1965 | D:4      | Killed an ogre
  1965 | D:4      | Reached XP level 5. HP: 50/50 MP: 4/4
  2121 | D:4      | Reached ** piety under Ashenzari
  2128 | D:4      | Found a hide-covered altar of Uskayaw.
  2354 | D:5      | Entered Level 5 of the Dungeon
  2358 | D:5      | Reached XP level 6. HP: 59/59 MP: 5/5
  2384 | D:5      | Reached skill level 4 in Unarmed Combat
  2452 | D:5      | Found a glowing silver altar of Zin.
  2473 | D:5      | Found a sacrificial altar of Ru.
  2567 | D:5      | Reached skill level 5 in Shields
  2611 | D:5      | Reached XP level 7. HP: 60/66 MP: 6/6
  2763 | D:5      | Reached skill level 5 in Unarmed Combat
  3323 | D:5      | Noticed a steam dragon
  3331 | D:5      | Killed a steam dragon
  3331 | D:5      | Reached XP level 8. HP: 52/74 MP: 7/7
  3890 | D:6      | Reached skill level 6 in Unarmed Combat
  3990 | D:6      | Learned a level 2 spell: Repel Missiles
  3993 | D:6      | Learned a level 2 spell: Swiftness
  4112 | D:6      | Gained mutation: You are frail. (-10% HP) [mutagenic meat]
  4152 | D:6      | Found an ancient bone altar of Kikubaaqudgha.
  4584 | D:7      | Reached skill level 1 in Charms
  4584 | D:7      | Reached skill level 1 in Air Magic
  4688 | D:7      | Reached skill level 7 in Unarmed Combat
  4688 | D:7      | Reached XP level 9. HP: 72/72 MP: 8/8
  4839 | D:7      | Found Kucul's Antique Armour Emporium.
  4855 | D:7      | Bought an embroidered robe for 167 gold pieces
  4966 | D:7      | Found a staircase to the Ecumenical Temple.
  5004 | D:7      | Learned a level 1 spell: Confusing Touch
  5353 | D:7      | Reached skill level 1 in Hexes
  5388 | D:7      | Found a bloodstained altar of Trog.
  5567 | D:7      | Found a stormy altar of Qazlal.
  5577 | D:7      | Found an ancient bone altar of Kikubaaqudgha.
  5703 | D:8      | Found a sparkling altar of Nemelex Xobeh.
  5795 | D:8      | Reached skill level 8 in Unarmed Combat
  5796 | D:8      | Found a deep blue altar of Sif Muna.
  5841 | D:8      | Reached *** piety under Ashenzari
  6067 | D:8      | Found a hazy altar of Hepliaklqana.
  6112 | D:8      | Reached XP level 10. HP: 79/79 MP: 9/9
  6467 | Temple   | Entered the Ecumenical Temple
  7044 | D:9      | Learned a level 1 spell: Beastly Appendage
  7288 | D:9      | Reached skill level 1 in Transmutations
  7378 | D:9      | Found a hide-covered altar of Uskayaw.
  7795 | D:10     | Entered Level 10 of the Dungeon
  7998 | D:10     | Reached **** piety under Ashenzari
  8013 | D:10     | Found a staircase to the Orcish Mines.
  8190 | D:10     | Noticed an unseen horror
  8206 | D:10     | Reached skill level 1 in Armour
  8216 | D:10     | Killed an unseen horror
  8231 | D:10     | Noticed an elephant
  8253 | D:10     | Noticed a death yak
  8280 | D:10     | Killed a death yak
  8291 | D:10     | Killed an elephant
  8291 | D:10     | Reached skill level 9 in Unarmed Combat
  8291 | D:10     | Reached XP level 11. HP: 59/84 MP: 10/10
  8350 | D:10     | Found a staircase to the Lair.
  8724 | Lair:1   | Entered Level 1 of the Lair of Beasts
  9836 | Lair:5   | Reached ***** piety under Ashenzari
  9849 | Lair:6   | Entered Level 6 of the Lair of Beasts
  9963 | Lair:6   | Slain by a blink frog

Skill      XL: |  1  2  3  4  5  6  7  8  9 10 11 |
---------------+----------------------------------+-----
Shields        | 3 4 5 6 8 |  8.0
Unarmed Combat | 3 4 5 7 8 9 |  9.6
Charms         | 1 2 3 4 |  4.7
Air Magic      | 1 3 4 |  4.8
Hexes          | 3 |  3.8
Transmutations | 2 3 |  3.4
Armour         | 1 3 |  3.0
Dodging        | 3 4 |  4.4
Fighting       | |  2.4

Action                   |  1- 3 |  4- 6 |  7- 9 | 10-12 || total
-------------------------+-------+-------+-------+-------++-------
Melee: Unarmed           |    97 |   109 |   459 |   532 ||  1197
 Cast: Confusing Touch   |       |       |       |     7 ||     7
Invok: Curse Item        |     1 |     1 |     2 |     1 ||     5
Evoke: Phial of floods   |       |       |       |     1 ||     1
  Use: Potion            |       |       |     8 |     7 ||    15
       Scroll            |       |       |    11 |     7 ||    18
 Stab: Distracted        |       |       |       |     1 ||     1
  Eat: Chunk             |    15 |    11 |    24 |    35 ||    85
       Bread ration      |       |       |     3 |       ||     3
Armor: Robe              |    25 |    10 |    79 |    68 ||   182
       Skin              |       |       |    65 |       ||    65
Dodge: Dodged            |    24 |    36 |   127 |   197 ||   384
Block: Shield            |    36 |    40 |   308 |   345 ||   729
